 Seeded DCSS version 0.30-a0-743-gbfdf073431 (webtiles) character file.

Game seed: 5430720872467839093 (custom seed)

130 hbarley the Chopper (level 5, 46/46 HPs)
             Began as a Hill Orc Fighter on Feb 7, 2023.
             Quit the game on level 2 of the Dungeon.
             The game lasted 00:04:04 (1646 turns).

hbarley the Chopper (Hill Orc Fighter)              Turns: 1646, Time: 00:04:04

Health: 46/46      AC: 12    Str: 28    XL:     5   Next: 14%
Magic:  5/5        EV:  7    Int:  5    God:
Gold:   1335       SH:  4    Dex: 12    Spells: 4/4 levels left

rFire   . . .      SeeInvis .    a - +0 war axe
rCold   . . .      Faith    .    c - +0 buckler
rNeg    . . .      Spirit   .    u - +1 plate armour of Qazlal {Rampage +Blink Str+3}
rPois   .          Reflect  .    (no helmet)
rElec   .          Harm     .    (no cloak)
rCorr   .          Rampage  +    (no gloves)
Will    +....                    (no boots) Stlth
                                 t - amulet "Coenuffa" {RegenMP Will+ Regen+ Int-3 Stlth+}
HPRegen 1.07/turn                m - +6 ring of strength
MPRegen 0.49/turn                (no ring)

@: no status effects
A: no striking features
a: Evoke Blink


You were on level 2 of the Dungeon.
You visited 1 branch of the dungeon, and saw 2 of its levels.

You collected 1391 gold pieces.
You spent 56 gold pieces at shops.

Inventory:

Hand Weapons
 a - a +0 war axe (weapon)
Armour
 b - a +0 scale mail
 c - a +0 buckler (worn)
 u - the +1 plate armour of Qazlal (worn) {Rampage +Blink Str+3}
   (You acquired it on level 2 of the Dungeon)

   Str:       It affects your strength (+3).
   +Blink:    It lets you blink.
   Rampage:   It bestows one free step when moving towards enemies.
Jewellery
 m - a +6 ring of strength (left hand)
 s - a ring of protection from cold
 t - the amulet "Coenuffa" (around neck) {RegenMP Will+ Regen+ Int-3 Stlth+}
   (You acquired it on level 2 of the Dungeon)

   [amulet of magic regeneration]

   It increases your rate of magic regeneration.
   Int:       It affects your intelligence (-3).
   Regen:     It increases your rate of health regeneration.
   Will:      It increases your willpower.
   Stlth:     It makes you more stealthy.
Scrolls
 f - a scroll of torment {unknown}
 g - 3 scrolls of amnesia {unknown}
 h - 3 scrolls of identify
 k - a scroll of noise {unknown}
 l - a scroll of teleportation {unknown}
 n - a scroll of brand weapon {unknown}
 o - a scroll of acquirement
 p - a scroll of enchant armour {unknown}
 q - a scroll of fog {unknown}
 r - a scroll of immolation {unknown}
Potions
 d - a potion of might
 e - a potion of mutation {unknown}
 i - a potion of attraction {unknown}
 j - 2 potions of curing {unknown}


   Skills:
 + Level 4.2 Fighting
 + Level 5.0 Axes
 + Level 4.1 Armour
 + Level 0.4 Dodging
 + Level 0.1 Stealth
 + Level 3.7 Shields


You had 4 spell levels left.
You didn't know any spells.
Your spell library was empty.

Dungeon Overview and Level Annotations

Branches:
Dungeon (2/15)

Altars:

Shops:
D:2 ?


Message History

The gnoll hits you with a +0 flail!
You completely miss the gnoll.
The gnoll is almost dead.
You block the gnoll's attack.
You hit the gnoll.
You kill the gnoll!
Your Axes skill increases to level 5!
You see here a +0 flail.
You see here a +0 club.
Found Doddoiw's Magic Scroll Shoppe.
There is an entrance to Doddoiw's Magic Scroll Shoppe here.
h - 2 scrolls of identify (gained 1);
h - 3 scrolls of identify (gained 1) Thank you for shopping at Doddoiw's Magic Scroll Shoppe!
There is an entrance to Doddoiw's Magic Scroll Shoppe here.
You see here a +0 dagger.
Done exploring.
Done exploring.
This is a scroll of acquirement!
Something appears at your feet!
t - the amulet "Coenuffa" {RegenMP Will+ Regen+ Int-3 Stlth+} You start putting on your amulet.
You continue putting on the amulet "Coenuffa" {RegenMP Will+ Regen+ Int-3 Stlth+}. x5
You finish putting on the amulet "Coenuffa" {RegenMP Will+ Regen+ Int-3 Stlth+}.
The amulet "Coenuffa" throbs as it attunes itself to your uninjured body.
You feel stupid.
t - the amulet "Coenuffa" (around neck) {RegenMP Will+ Regen+ Int-3 Stlth+} Something appears at your feet!
u - the +1 plate armour of Qazlal {Rampage +Blink Str+3} You start removing your armour.
You continue taking off your +0 scale mail. x4
You finish taking off your +0 scale mail.
You start putting on your armour.
You continue putting on the +1 plate armour of Qazlal {Rampage +Blink Str+3}. x5
You finish putting on the +1 plate armour of Qazlal {Rampage +Blink Str+3}.
You feel stronger.
You feel ready to rampage towards enemies.
Something appears at your feet!
You now have 1335 gold pieces (gained 1322).
There are no items here.
Are you sure you want to abandon this character and quit the game? (Confirm with "yes".)

### #.<........# ##.##
#.########.#
##.#.###########.########.######
#.###........##.#..............##
##.#.######....###.#.............
##.## #..#.)#..#.####.####.## #.#
###.....))...# #.# #... #.#
#...##.....######.# #.## #.#
#.#.###.@.........# #.#
#.#####.#.############### #.#
#.......#....# #.# ####.#######.#
#.# ##.....[#....#### #.#
#..#.##.#.##....# #.#
#....##.#...)...## #.#
#..#.......#.#...##### #.#
#....#...#.....#.....#######.##


There were no monsters in sight!

Vanquished Creatures
  A necrophage (D:2)
  3 gnolls (D:2)
  An adder (D:2)
  3 bats
  5 endoplasms
  4 goblins
  2 hobgoblins
  4 jackals (D:1)
  5 kobolds
  2 quokkas (D:1)
  2 ball pythons (D:1)
  A frilled lizard (D:2)
  A rat (D:1)
34 creatures vanquished.

Notes
Turn   | Place    | Note
-------+----------+-------------------------------------------
     0 | D:1      | hbarley the Hill Orc Fighter began the quest for the Orb.
     0 | D:1      | Reached XP level 1. HP: 19/19 MP: 1/1
    82 | D:1      | Reached XP level 2. HP: 22/27 MP: 2/2
   754 | D:1      | Reached skill level 3 in Axes
   789 | D:1      | Reached XP level 3. HP: 33/33 MP: 3/3
  1182 | D:2      | Noticed a necrophage
  1185 | D:2      | Killed a necrophage
  1186 | D:2      | Reached skill level 4 in Axes
  1186 | D:2      | Reached XP level 4. HP: 33/40 MP: 4/4
  1318 | D:2      | Reached XP level 5. HP: 32/46 MP: 5/5
  1321 | D:2      | Reached skill level 5 in Axes
  1513 | D:2      | Found Doddoiw's Magic Scroll Shoppe.
  1518 | D:2      | Bought a scroll of identify for 28 gold pieces
  1518 | D:2      | Bought a scroll of identify for 28 gold pieces
  1625 | D:2      | Identified 4 scrolls of acquirement
  1625 | D:2      | Acquired the amulet "Coenuffa" {RegenMP Will+ Regen+ Int-3
                  | Stlth+}
  1632 | D:2      | Acquired the +1 plate armour of Qazlal {Rampage +Blink
                  | Str+3}
  1644 | D:2      | Acquired 1322 gold pieces
  1646 | D:2      | Quit the game

Illustrated notes

Levels and vault maps discovered:
D:1:      dpeg_arrival_boxes_within_box, layout_basic
D:2:      layout_loops_ring, serial_shops, shop, nicolae_kite_square_tiling_tiny

Skill      XL: |  1  2  3  4  5 |
---------------+----------------+-----
Fighting       | 4 |  4.2
Axes           | 3 4 5 |  5.0
Armour         | 4 |  4.1
Dodging        | |  0.4
Stealth        | |  0.1
Shields        | |  3.7

Action                     |  1- 3 |  4- 6 || total
---------------------------+-------+-------++-------
  Melee: War axe           |    70 |    13 ||    83
    Use: Scroll            |       |     3 ||     3
 Armour: Scale mail        |    37 |     3 ||    40
  Dodge: Dodged            |    53 |     3 ||    56
  Block: Buckler           |    19 |     2 ||    21

Table legend: (Time is in decaauts)
 A = Elapsed time spent in this place.
 B = Non-inter-level travel time spent in this place.
 C = Inter-level travel time spent in this place.
 D = Time resting spent in this place.
 E = Time spent auto-exploring this place.
 F = Levels seen in this place.
 G = Mean time per level.
                   A        B        C        D        E       F      G
               +--------+--------+--------+--------+--------+-----+--------+
         Total |   1677 |   1573 |    104 |      0 |   1294 |   2 |  838.5 |
       Dungeon |   1677 |   1573 |    104 |      0 |   1294 |   2 |  838.5 |
               +--------+--------+--------+--------+--------+-----+--------+

Top non-repeatable levels by time:
     D:1: 952 daAuts
     D:2: 725 daAuts
